 Dungeon Sprint DCSS version 0.30.1 (webtiles) character file.

Game seed: 12007620670361059778

4500000 BreadTh the Conqueror (level 24, -27/249 HPs)
             Began as a Ghoul Gladiator on July 11, 2023.
             Was the Champion of Makhleb.
             Annihilated by a bag of meat
             ... wielding a +9 war axe
              (38 damage)
             ... in the Dungeon (Sprint VIII: "Arena of Blood").
             The game lasted 00:04:27 (45 turns).

BreadTh the Conqueror (Ghoul Gladiator)               Turns: 45, Time: 00:04:28

Health: -27/249    AC:  8    Str: 21    XL:     24   Next: 87%
Magic:  17/41      EV: 30    Int:  3    God:    Makhleb [******]
Gold:   0          SH:  0    Dex: 18    Spells: 53/53 levels left

rFire   . . .        k - +∞ Axe of Woe
rCold   + . .        (shield currently unavailable)
rNeg    + + +        b - +0 leather armour
rPois   ∞            c - +0 helmet
rElec   .            (no cloak)
rCorr   .            (no gloves)
SInv    .            (no boots)
Will    +....        (no amulet)
Stlth   +++++++++    (no ring)
HPRegen 0.00/turn    (no ring)
MPRegen 0.27/turn

%: no teleportation
@: inhibited regen
A: claws 1, cold resistance 1, negative energy resistance 3, inhibited
regeneration, torment resistance 2, devour on kill
a: Renounce Religion, Minor Destruction, Lesser Servant of Makhleb, Major
Destruction, Greater Servant of Makhleb


You were in the Dungeon.
You worshipped Makhleb.
Makhleb was exalted by your worship.
You visited 1 branch

Inventory:

Hand Weapons
 a - a +0 war axe
 k - the +∞ Axe of Woe (weapon)
   (You found it in the Dungeon)
Missiles
 d - 3 throwing nets (quivered)
 e - a javelin
Armour
 b - a +0 leather armour (worn)
 c - a +0 helmet (worn)
Scrolls
 j - a scroll of blinking
Potions
 f - a potion of curing
 g - a potion of heal wounds
 h - a potion of haste
 i - 2 potions of magic


   Skills:
 O Level 27 Fighting
 + Level 16.3(19.0) Short Blades
 + Level 16.3(19.0) Long Blades
 O Level 27 Axes
 + Level 16.2(25.1) Maces & Flails
 + Level 16.3(25.2) Polearms
 + Level 16.3(21.3) Staves
 + Level 16.2 Ranged Weapons
 + Level 18.2 Throwing
 O Level 27 Armour
 O Level 27 Dodging
 O Level 27 Stealth
 + Level 16.2 Shields
 + Level 19.1 Unarmed Combat
 + Level 15.0 Spellcasting
 + Level 15.0 Conjurations
 + Level 14.6 Hexes
 + Level 16.3 Summonings
 + Level 17.2 Necromancy
 + Level 15.9 Translocations
 + Level 16.0 Transmutations
 + Level 14.7 Fire Magic
 + Level 18.8 Ice Magic
 + Level 14.8 Air Magic
 + Level 18.7 Earth Magic
 + Level 17.3 Poison Magic
 O Level 27 Invocations
 + Level 15.9 Evocations


You had 53 spell levels left.
You didn't know any spells.
Your spell library was empty.

Dungeon Overview and Level Annotations

Branches:
Dungeon (1/1)

Altars:
Makhleb

Annotations:
D The Servant


Innate Abilities, Weirdness & Mutations

You are immune to poison.
You have sharp fingernails.
Your flesh is cold resistant. (rC+)
You are immune to negative energy. (rN+++)
You do not regenerate when monsters are visible.
You are immune to unholy pain and torment.
You thrive by killing the living.


Message History

The destroyer is wielding a +9 heavy great sword.
The destroyer appears out of thin air!
A destroyer comes into view. It is wielding a +9 heavy great sword.
The destroyer shouts! x2; The bag of meat shouts!
You hear two shouts!
You hear a shout! x5
The bag of meat is engulfed in blazing flames.
A bag of meat comes into view. It is wielding a +9 war axe.
The bag of meat is engulfed in blazing flames.
Found a moonstone ring.
You hear a shout! x5
The Servant is engulfed in blazing flames.
The Servant hits you from afar with a +9 glaive of flaming!!!!
The Servant burns you!!!
* * * LOW HITPOINT WARNING * * *
You hear a shout!
The bag of meat is engulfed in blazing flames.
The bag of meat hits you with a +9 war axe!
* * * LOW HITPOINT WARNING * * *
The bag of meat is engulfed in blazing flames.
You hear a roar!
The bag of meat attacks as you move away!
The bag of meat hits you with a +9 war axe!
* * * LOW HITPOINT WARNING * * *
A bag of meat comes into view. It is wielding a +9 war axe.
You hear a shout! x2
The Servant is engulfed in blazing flames.
A sculptor of flesh comes into view. It is wielding a +9 great sword.
A bag of meat comes into view. It is wielding a +9 war axe.
You hear a shout! x4
The bag of meat attacks as you move away!
The bag of meat hits you with a +9 war axe!!
* * * LOW HITPOINT WARNING * * *
2 destroyers and a bag of meat come into view.
A destroyer is wielding a +9 heavy great sword.
A destroyer is wielding a +9 heavy great sword.
You hear a shout! x5
A large bag of meat comes into view. It is wielding a +9 giant spiked club.
The bag of meat moves out of view.
The bag of meat attacks as you move away!
The bag of meat hits you with a +9 war axe!!!
You die...

#.....###......#......
#....#.......z........
#....o...#..V.........
#.........#........#..
#......o.....#.....#..
#...oV.o).#.)))..###..
#....#.o)o☼☼).).......
#....##o@☼))).#.......
#....@#.)V§§#...))))#)
#=....o###..........#_
#....o##....#.......#.
#..o.#......D.#.......
#...o#O...............
#.o..............###..
#......V.......... #..
#z... ..V #.. #.. ...


You could see 2 destroyers, a sculptor of flesh (wandering), a large bag of meat
(inner flame) and 6 bags of meat.

Vanquished Creatures
  3 vampire knights (D)
  17 ogres (D)
  3 two-headed ogres (D)
  49 orcs (D)
  A skeletal warrior (D)
73 creatures vanquished.

Notes
Turn   | Place    | Note
-------+----------+-------------------------------------------
     0 | D        | Found the +∞ Axe of Woe
     0 | D        | BreadTh the Ghoul Gladiator began the quest for the Orb.
     0 | D        | Reached XP level 1. HP: 17/17 MP: 0/0
     0 | D        | Noticed a meat berserker
     2 | D        | Noticed a bag of meat
     4 | D        | Killed a meat berserker
     5 | D        | Reached XP level 2. HP: 40/40 MP: 1/1
     5 | D        | Reached XP level 3. HP: 47/47 MP: 2/2
     5 | D        | Reached XP level 4. HP: 55/55 MP: 3/3
     5 | D        | Reached XP level 5. HP: 61/61 MP: 4/4
     5 | D        | Reached XP level 6. HP: 68/68 MP: 5/5
     5 | D        | Reached XP level 7. HP: 74/74 MP: 6/6
     5 | D        | Reached XP level 8. HP: 82/82 MP: 7/7
     5 | D        | Reached XP level 9. HP: 89/89 MP: 8/8
     5 | D        | Reached XP level 10. HP: 96/96 MP: 9/9
     5 | D        | Reached XP level 11. HP: 102/102 MP: 10/10
     5 | D        | Reached XP level 12. HP: 110/110 MP: 11/11
     5 | D        | Became a worshipper of Makhleb the Destroyer
     6 | D        | Noticed a bag of meat
     7 | D        | Noticed a bag of meat
     7 | D        | Noticed a bag of meat
     7 | D        | Noticed a bag of meat
     8 | D        | Noticed a bag of meat
     9 | D        | Killed a bag of meat
    10 | D        | Reached skill level 5 in Invocations
    11 | D        | Noticed a meat berserker
    11 | D        | Noticed a meat berserker
    12 | D        | Killed a bag of meat
    12 | D        | Reached * piety under Makhleb
    12 | D        | Killed a bag of meat
    12 | D        | Killed a bag of meat
    12 | D        | Noticed a bag of meat
    12 | D        | Noticed a meat berserker
    12 | D        | Noticed a meat berserker
    13 | D        | Reached skill level 10 in Invocations
    13 | D        | Reached XP level 13. HP: 134/134 MP: 11/19
    13 | D        | Reached XP level 14. HP: 143/143 MP: 11/20
    13 | D        | Noticed a meat berserker
    13 | D        | Noticed a bag of meat
    13 | D        | Noticed a bag of meat
    13 | D        | Noticed a bag of meat
    13 | D        | Noticed a bag of meat
    14 | D        | Noticed a bag of meat
    14 | D        | Noticed a bag of meat
    14 | D        | Noticed a meat berserker
    14 | D        | Noticed a meat berserker
    14 | D        | Noticed a bag of meat
    14 | D        | Noticed a bag of meat
    14 | D        | Noticed a bag of meat
    15 | D        | Killed a meat berserker
    15 | D        | Reached ** piety under Makhleb
    15 | D        | Noticed a bag of meat
    15 | D        | Noticed a bag of meat
    15 | D        | Noticed a bag of meat
    16 | D        | Reached skill level 10 in Armour
    16 | D        | Noticed a large bag of meat
    16 | D        | Noticed a bag of meat
    16 | D        | Noticed a bag of meat
    16 | D        | Noticed a bag of meat
    16 | D        | Noticed a bag of meat
    16 | D        | Noticed a bag of meat
    16 | D        | Noticed a meat berserker
    16 | D        | Noticed a bag of meat
    16 | D        | Noticed a bag of meat
    16 | D        | Noticed a meat berserker
    16 | D        | Noticed a bag of meat
    16 | D        | Noticed a bag of meat
    16 | D        | Noticed a bag of meat
    16 | D        | Noticed a bag of meat
    16 | D        | Noticed a bag of meat
    17 | D        | Noticed a meat berserker
    17 | D        | Noticed a bag of meat
    17 | D        | Noticed a bag of meat
    18 | D        | Killed a meat berserker
    18 | D        | Killed a meat berserker
    18 | D        | Killed a bag of meat
    18 | D        | Reached *** piety under Makhleb
    18 | D        | Noticed a meat berserker
    19 | D        | Reached skill level 15 in Invocations
    19 | D        | Reached XP level 15. HP: 124/165 MP: 12/25
    19 | D        | Killed a meat berserker
    19 | D        | Killed a meat berserker
    19 | D        | Reached **** piety under Makhleb
    20 | D        | Reached skill level 15 in Armour
    20 | D        | Reached XP level 16. HP: 182/182 MP: 12/28
    20 | D        | Killed a meat berserker
    21 | D        | Reached skill level 27 in Fighting
    21 | D        | Reached skill level 27 in Axes
    21 | D        | Reached XP level 17. HP: 191/191 MP: 12/29
    21 | D        | Killed a meat berserker
    21 | D        | Killed a meat berserker
    21 | D        | Reached ***** piety under Makhleb
    21 | D        | Killed a meat berserker
    22 | D        | Reached XP level 18. HP: 200/200 MP: 12/32
    22 | D        | Noticed a large bag of meat
    22 | D        | Noticed a destroyer
    24 | D        | Noticed a destroyer
    24 | D        | Noticed a destroyer
    25 | D        | Noticed a meat berserker
    25 | D        | Killed a meat berserker
    25 | D        | Killed a meat berserker
    25 | D        | Reached ****** piety under Makhleb
    25 | D        | Noticed a large bag of meat
    26 | D        | Reached skill level 27 in Armour
    26 | D        | Reached skill level 27 in Dodging
    26 | D        | Reached skill level 27 in Stealth
    26 | D        | Reached skill level 27 in Invocations
    26 | D        | Reached XP level 19. HP: 207/207 MP: 13/35
    26 | D        | Noticed a meat berserker
    27 | D        | Killed a destroyer
    28 | D        | Reached skill level 5 in Spellcasting
    28 | D        | Reached skill level 5 in Conjurations
    28 | D        | Reached skill level 5 in Necromancy
    28 | D        | Reached skill level 5 in Translocations
    28 | D        | Reached skill level 5 in Transmutations
    28 | D        | Reached skill level 5 in Poison Magic
    28 | D        | Reached skill level 5 in Evocations
    28 | D        | Reached XP level 20. HP: 216/216 MP: 14/36
    28 | D        | Killed a destroyer
    28 | D        | Noticed a meat berserker
    29 | D        | Reached skill level 10 in Unarmed Combat
    29 | D        | Reached XP level 21. HP: 224/224 MP: 14/37
    29 | D        | Noticed The Servant
    30 | D        | Killed a destroyer
    30 | D        | Killed a large bag of meat
    31 | D        | Reached skill level 10 in Short Blades
    31 | D        | Reached skill level 10 in Long Blades
    31 | D        | Reached skill level 10 in Maces & Flails
    31 | D        | Reached skill level 10 in Polearms
    31 | D        | Reached skill level 10 in Staves
    31 | D        | Reached skill level 10 in Ranged Weapons
    31 | D        | Reached skill level 10 in Shields
    31 | D        | Reached skill level 10 in Summonings
    31 | D        | Reached skill level 10 in Necromancy
    31 | D        | Reached skill level 10 in Poison Magic
    32 | D        | Reached skill level 10 in Spellcasting
    32 | D        | Reached skill level 10 in Conjurations
    32 | D        | Reached skill level 10 in Translocations
    32 | D        | Reached skill level 10 in Transmutations
    32 | D        | Reached skill level 10 in Fire Magic
    32 | D        | Reached skill level 10 in Evocations
    32 | D        | Reached XP level 22. HP: 222/233 MP: 14/38
    32 | D        | Killed a large bag of meat
    33 | D        | Reached skill level 15 in Throwing
    33 | D        | Reached skill level 15 in Unarmed Combat
    33 | D        | Reached XP level 23. HP: 208/240 MP: 14/39
    34 | D        | Killed a large bag of meat
    35 | D        | Reached skill level 15 in Poison Magic
    36 | D        | Reached skill level 15 in Short Blades
    36 | D        | Reached skill level 15 in Long Blades
    36 | D        | Reached skill level 15 in Maces & Flails
    36 | D        | Reached skill level 15 in Polearms
    36 | D        | Reached skill level 15 in Staves
    36 | D        | Reached skill level 15 in Ranged Weapons
    36 | D        | Reached skill level 15 in Shields
    36 | D        | Reached skill level 15 in Summonings
    36 | D        | Reached XP level 24. HP: 235/249 MP: 15/39
    37 | D        | Reached skill level 15 in Translocations
    37 | D        | Reached skill level 15 in Transmutations
    37 | D        | Reached skill level 15 in Evocations
    38 | D        | Noticed a destroyer
    41 | D        | Reached skill level 15 in Spellcasting
    41 | D        | Reached skill level 15 in Conjurations
    41 | D        | Noticed a destroyer
    41 | D        | Noticed a destroyer
    44 | D        | HP: 11/249 [bag of meat/+9 war axe (28)]
    44 | D        | Noticed a destroyer
    44 | D        | Noticed a destroyer
    44 | D        | Noticed a large bag of meat
    45 | D        | Annihilated by a bag of meat

Illustrated notes

Levels and vault maps discovered:
D:        meatsprint

Skill      XL: |  1  2  3  4  5  6  7  8  9 10 11 12 13 14 15 16 17 18 19 20 21 22 23 24 |
---------------+-------------------------------------------------------------------------+-----
Fighting       | 11 18 23 26 27 | 27.0
Axes           | 17 20 24 26 27 | 27.0
Throwing       | 9 11 12 14 15 17 18 | 18.2
Dodging        | 17 19 21 22 23 24 27 | 27.0
Armour         | 8 13 15 16 19 27 | 27.0
Invocations    | 10 15 18 19 22 27 | 27.0
Stealth        | 9 21 27 | 27.0
Short Blades   | 3 6 8 11 12 15 16 | 16.3
Long Blades    | 3 6 8 11 13 15 16 | 16.3
Maces & Flails | 3 6 8 11 12 15 16 | 16.2
Polearms       | 3 6 8 11 12 15 16 | 16.3
Staves         | 3 6 8 11 12 15 16 | 16.3
Ranged Weapons | 3 6 8 11 12 15 16 | 16.2
Shields        | 3 6 8 11 12 15 16 | 16.2
Unarmed Combat | 3 7 10 13 15 17 19 | 19.1
Spellcasting   | 2 5 7 10 11 13 15 | 15.0
Conjurations   | 2 5 7 10 11 13 15 | 15.0
Summonings     | 3 6 8 11 13 15 16 | 16.3
Hexes          | 4 7 9 11 13 14 | 14.6
Necromancy     | 5 8 11 13 16 17 | 17.2
Translocations | 5 7 10 12 14 15 | 15.9
Transmutations | 5 7 10 12 14 16 | 16.0
Fire Magic     | 4 7 10 11 13 14 | 14.7
Ice Magic      | 6 9 12 14 17 18 | 18.8
Air Magic      | 4 7 9 11 13 14 | 14.8
Earth Magic    | 6 9 12 14 17 18 | 18.7
Poison Magic   | 5 8 11 13 16 17 | 17.3
Evocations     | 5 7 10 12 14 15 | 15.9

Action                     |  1- 3 |  4- 6 |  7- 9 | 10-12 | 13-15 | 16-18 | 19-21 | 22-24 || total
---------------------------+-------+-------+-------+-------+-------+-------+-------+-------++-------
  Melee: Executioner's axe |     1 |       |       |     2 |     3 |     4 |     4 |     7 ||    21
  Dodge: Dodged            |       |       |       |       |     1 |     2 |     1 |       ||     4
